 Dungeon Sprint DCSS version 0.17-a0-1798-g879a7aa (webtiles) character file.

3206 pipel the Destroyer (level 9, -11/64 HPs)
             Began as a Tengu Air Elementalist on Sept 10, 2015.
             Was the Champion of Sif Muna.
             Mangled by a minotaur
             ... wielding a +0 long sword
              (26 damage)
             ... in the Dungeon (Sprint VII: "The Pits").
             The game lasted 00:14:32 (1940 turns).

pipel the Destroyer (Tengu Air Elementalist)        Turns: 1940, Time: 00:14:32

Health: -11/64     AC: 12    Str:  9    XL:     9   Next: 97%
Magic:  7/24       EV: 11    Int: 18    God:    Sif Muna [******]
Gold:   0          SH:  0    Dex: 15    Spells: 7 memorised, 6 levels left

rFire  . . .     SeeInvis .     a - +4 quarterstaff (speed)
rCold  . . .     Clarity  .     F - +5 ring mail
rNeg   . . .     SustAt   .     (no shield)
rPois  .         Gourm    .     (helmet restricted)
rElec  .         Spirit   .     (no cloak)
rCorr  .         Warding  .     E - +0 pair of gloves
rMut   .         NoTele   +     (boots unavailable)
MR     .....                    (no amulet)
Stlth  +.........               (no ring)
                                (no ring)

@: not resistant to hostile enchantments, very unstealthy
A: beak, talons 3, able to fly 1
a: Fly, Channel Energy, Forget Spell, Renounce Religion


You were in the Dungeon.
You worshipped Sif Muna.
Sif Muna was exalted by your worship.
You were not hungry.

You visited 1 branch

Inventory:

Hand weapons
 a - a +4 quarterstaff of speed (weapon)
 j - a +2 quarterstaff
 w - a +4 dagger of venom
 C - the +2 dire flail "Faijeg" {venom, rC+}
   (You found it in the Dungeon)

   It poisons the flesh of those it strikes.
   It protects you from cold.
 D - a +2 quarterstaff of speed
Missiles
 n - 9 stones (quivered)
Armour
 e - a +2 plate armour
 t - a +0 robe
 u - a +0 leather armour
 E - a +0 pair of gloves (worn)
 F - a +5 ring mail (worn)
Magical staves
 b - an uncursed staff of energy
Jewellery
 y - a +3 ring of evasion
 A - a +3 ring of dexterity
Scrolls
 i - a scroll of blinking
 p - 3 scrolls of remove curse
 q - 5 scrolls of amnesia
 r - a scroll of summoning
 s - 2 scrolls of vulnerability
Potions
 d - 8 potions of curing
 f - 3 potions of haste
 g - a potion of magic
 h - 3 potions of berserk rage
 m - 2 potions of invisibility
 v - 6 potions of heal wounds
 z - a potion of agility
 B - a potion of brilliance
Books
 o - a book of Air

   Spells                             Type                      Level
   a - Shock                          Conjuration/Air              1
   b - Swiftness                      Charms/Air                   2
   c - Repel Missiles                 Charms/Air                   2
   d - Static Discharge               Conjuration/Air              3
   e - Lightning Bolt                 Conjuration/Air              5
 x - Sif Muna's Volume of Arcane Weapons
   (Sif Muna gifted it to you in the Dungeon)

   Spells                             Type                      Level
   a - Searing Ray                    Conjuration                  2
   b - Poisonous Cloud                Conjuration/Poison/Air       6
   c - Poison Arrow                   Conjuration/Poison           6
 G - Sif Muna's Reference Book on Battle Magic
   (Sif Muna gifted it to you in the Dungeon)

   Spells                             Type                      Level
   a - Magic Dart                     Conjuration                  1
   b - Dazzling Spray                 Conjuration/Hexes            3
   c - Iskenderun's Mystic Blast      Conjuration                  4
   d - Venom Bolt                     Conjuration/Poison           5
   e - Delayed Fireball               Conjuration/Fire             7
Comestibles
 c - 6 bread rations
 k - 39 fruits
 l - 7 meat rations
 H - a chunk of flesh


   Skills:
 + Level 11.2 Fighting
 + Level 6.6 Armour
 - Level 2.3 Dodging
 - Level 2.1 Stealth
 + Level 10.8 Spellcasting
 + Level 13.2 Conjurations
 + Level 13.1 Air Magic
 * Level 0.8 Poison Magic


You had 6 spell levels left.
You knew the following spells:

 Your Spells              Type           Power        Failure   Level  Hunger
a - Shock                 Conj/Air       ####         1%          1    None
b - Repel Missiles        Chrm/Air       ####..       1%          2    None
c - Swiftness             Chrm/Air       ####....     1%          2    None
d - Static Discharge      Conj/Air       ######..     1%          3    None
e - Lightning Bolt        Conj/Air       ######....   2%          5    #####..
f - Iskenderun's Mystic   Conj           ######..     1%          4    ##.....
g - Poisonous Cloud       Conj/Pois/Air  #####.....   75%         6    ######.


Dungeon Overview and Level Annotations

Branches:
Dungeon (1/1)

Altars:
Ashenzari
Cheibriados
Dithmenos
Elyvilon
Fedhas
Kikubaaqudgha
Makhleb
Nemelex Xobeh
Okawaru
Ru
Sif Muna
Trog
Vehumet
Xom
Yredelemnul
Zin
The Shining One
Beogh
Jiyva
Lugonu


Innate Abilities, Weirdness & Mutations

You have a beak for a mouth.
You have claws for feet.
You can fly.


Message History

The minotaur barely misses you.
Casting: Static Discharge
Confirm with . or Enter, or press ? or * to list all spells.
The minotaur is struck by lightning.
The minotaur is severely wounded.
The lightning grounds out.
The minotaur hits you with a long sword!
* * * LOW HITPOINT WARNING * * *
The minotaur gores you but does no damage.
Casting: Static Discharge
Confirm with . or Enter, or press ? or * to list all spells.
The minotaur is struck by lightning.
The minotaur is almost dead.
The lightning arcs!
You are struck by lightning.
* * * LOW HITPOINT WARNING * * *
The lightning arcs!
The minotaur is struck by lightning.
The minotaur is almost dead.
The lightning grounds out.
The minotaur hits you with a long sword!!
You die...

####................+
...'................+
####......#..#......#
..##................#
))#####)#####''#####
).##.......##''#
))##......(##..##
[.##.......##...##
'###...<...###..@##+##.
..##.......# ##..H......
..##.......###..###'###.
####.......##..## ..
..###########..'.x..S..'
.############..##.l.. ##
.#....#..[.###.. #'#
†#....#...[# ##.. .
))....'..))# ..#


You could see a minotaur.

Vanquished Creatures
  A sea snake (D)
  A fire drake (D)
  A hellwing (D)
  A blue devil (D)
  3 blink frogs (D)
  A wyvern (D)
  A wraith (D)
  A water moccasin (D)
  A swamp drake (D)
  A black bear (D)
  A sky beast (D)
  An orc warrior (D)
  A necrophage (D)
  A phantom (D)
  A big kobold (D)
  2 small abominations (D)
  A centaur (D)
  An orc priest (D)
  A quasit (D)
  An orc wizard (D)
  A mummy (D)
  An adder (D)
  A gnoll (D)
  A river rat (D)
  A white imp (D)
  2 oozes (D)
  2 worms (D)
  A giant gecko (D)
  3 orcs (D)
  A ball python (D)
  A bat skeleton (D)
  2 jackals (D)
  A kobold (D)
  A quokka (D)
  A giant newt (D)
43 creatures vanquished.

Notes
Turn   | Place    | Note
--------------------------------------------------------------
     0 | D        | pipel the Tengu Air Elementalist began the quest for the Orb.
     0 | D        | Reached XP level 1. HP: 10/10 MP: 4/4
    24 | D        | Reached skill level 5 in Air Magic
    24 | D        | Reached XP level 2. HP: 15/15 MP: 0/6
    60 | D        | Found a sacrificial altar of Ru.
    60 | D        | Found a basalt altar of Yredelemnul.
    60 | D        | Found a glowing golden altar of the Shining One.
    60 | D        | Found a deep blue altar of Sif Muna.
    60 | D        | Found a burning altar of Makhleb.
    60 | D        | Found an ancient bone altar of Kikubaaqudgha.
    60 | D        | Found a glowing silver altar of Zin.
    61 | D        | Found a shadowy altar of Dithmenos.
    61 | D        | Found a bloodstained altar of Trog.
    61 | D        | Found a shattered altar of Ashenzari.
    61 | D        | Found a white marble altar of Elyvilon.
    61 | D        | Found a snail-covered altar of Cheibriados.
    61 | D        | Found a blossoming altar of Fedhas.
    61 | D        | Found a radiant altar of Vehumet.
    61 | D        | Found a shimmering altar of Xom.
    61 | D        | Found a sparkling altar of Nemelex Xobeh.
    61 | D        | Found a corrupted altar of Lugonu.
    61 | D        | Found a viscous altar of Jiyva.
    61 | D        | Found a roughly hewn altar of Beogh.
    61 | D        | Found an iron altar of Okawaru.
    64 | D        | Became a worshipper of Sif Muna the Loreminder
    74 | D        | Learned a level 2 spell: Repel Missiles
    77 | D        | Learned a level 2 spell: Swiftness
    80 | D        | Reached skill level 1 in Fighting
   247 | D        | Reached XP level 3. HP: 17/22 MP: 6/9
   339 | D        | Noticed an orc priest
   366 | D        | Learned a level 3 spell: Static Discharge
   377 | D        | Killed an orc priest
   377 | D        | Reached skill level 5 in Spellcasting
   377 | D        | Reached XP level 4. HP: 15/30 MP: 3/12
   529 | D        | Noticed a quasit
   615 | D        | Acquired Sif Muna's first power
   685 | D        | Noticed a big kobold
   709 | D        | Killed a big kobold
   709 | D        | Reached skill level 6 in Fighting
   709 | D        | Reached skill level 5 in Conjurations
   709 | D        | Gained mutation: You can fly. [Tengu growth]
   709 | D        | Reached XP level 5. HP: 29/36 MP: 1/14
   716 | D        | Killed a quasit
   716 | D        | Acquired Sif Muna's second power
   810 | D        | Noticed a sky beast
   814 | D        | Killed a sky beast
   814 | D        | Reached skill level 7 in Fighting
   814 | D        | Reached XP level 6. HP: 44/44 MP: 17/17
   815 | D        | Noticed a blue devil
   821 | D        | Killed a blue devil
   821 | D        | Acquired Sif Muna's third power
   821 | D        | Reached skill level 8 in Fighting
   821 | D        | Reached skill level 9 in Conjurations
   821 | D        | Reached XP level 7. HP: 45/49 MP: 17/19
   835 | D        | Learned a level 5 spell: Lightning Bolt
   926 | D        | Noticed a black bear
   926 | D        | Noticed a water moccasin
   928 | D        | Killed a black bear
   930 | D        | Killed a water moccasin
  1051 | D        | Noticed an orc warrior
  1051 | D        | Noticed an orc wizard
  1051 | D        | Noticed a fire drake
  1052 | D        | Noticed a phantom
  1060 | D        | Killed a fire drake
  1060 | D        | Reached skill level 10 in Conjurations
  1060 | D        | Reached skill level 10 in Air Magic
  1060 | D        | Reached XP level 8. HP: 50/56 MP: 11/22
  1062 | D        | Killed an orc wizard
  1063 | D        | Killed an orc warrior
  1068 | D        | Killed a phantom
  1068 | D        | Reached skill level 11 in Conjurations
  1101 | D        | Got the +2 dire flail "Faijeg" {venom, rC+}
  1213 | D        | Noticed a hellwing
  1214 | D        | Noticed a wraith
  1237 | D        | Killed a hellwing
  1237 | D        | Received a gift from Sif Muna
  1237 | D        | Reached skill level 10 in Fighting
  1238 | D        | Identified Sif Muna's Reference Book on Battle Magic (Sif Muna gifted it to you in the Dungeon)
  1244 | D        | Learned a level 4 spell: Iskenderun's Mystic Blast
  1341 | D        | Noticed a wyvern
  1356 | D        | Killed a wraith
  1377 | D        | Noticed a small abomination
  1377 | D        | Noticed a necrophage
  1377 | D        | Noticed a sea snake
  1381 | D        | Killed a wyvern
  1381 | D        | Reached XP level 9. HP: 62/62 MP: 17/23
  1395 | D        | Noticed a centaur
  1399 | D        | Killed a necrophage
  1399 | D        | Reached skill level 10 in Spellcasting
  1408 | D        | Killed a centaur
  1408 | D        | Reached skill level 12 in Conjurations
  1430 | D        | Noticed a swamp drake
  1432 | D        | Killed a swamp drake
  1457 | D        | Killed a small abomination
  1467 | D        | Noticed a blink frog
  1468 | D        | Noticed a blink frog
  1479 | D        | Killed a blink frog
  1479 | D        | Reached skill level 5 in Armour
  1480 | D        | Noticed a blink frog
  1493 | D        | Killed a blink frog
  1496 | D        | Killed a blink frog
  1799 | D        | Killed a sea snake
  1799 | D        | Received a gift from Sif Muna
  1799 | D        | Reached skill level 13 in Conjurations
  1800 | D        | Identified Sif Muna's Volume of Arcane Weapons (Sif Muna gifted it to you in the Dungeon)
  1813 | D        | Learned a level 6 spell: Poisonous Cloud
  1924 | D        | Noticed a small abomination
  1925 | D        | Killed a small abomination
  1929 | D        | Noticed a minotaur
  1940 | D        | Mangled by a minotaur

Vault maps used:
D:        pitsprint

Action                   |  1- 3 |  4- 6 |  7- 9 || total
-------------------------+-------+-------+-------++-------
Melee: Quarterstaff      |     6 |    18 |    29 ||    53
Throw: Stone             |     2 |       |     3 ||     5
 Cast: Shock             |    17 |    14 |     4 ||    35
       Static Discharge  |     3 |     8 |    28 ||    39
       Lightning Bolt    |       |       |    18 ||    18
Invok: Channel Energy    |       |       |    15 ||    15
Evoke: Staff of energy   |     1 |     4 |       ||     5
  Use: Potion            |     2 |     3 |     1 ||     6
 Stab: Distracted        |       |       |     1 ||     1
  Eat: Bread ration      |       |     1 |     1 ||     2
       Chunk             |       |       |     3 ||     3
       Fruit             |       |       |     1 ||     1
